 Dungeon Crawl Stone Soup version 0.23.2-1-ga50397a (webtiles) character file.

Game seed: 18076157736550884068

27145 whitewolfNL the Basher (level 13, -4/122 HPs)
             Began as a Minotaur Berserker on May 14, 2019.
             Was a High Priest of Trog.
             Slain by a wyvern (9 damage)
             ... on level 5 of the Lair of Beasts on May 15, 2019.
             The game lasted 01:18:43 (13188 turns).

whitewolfNL the Basher (Minotaur Berserker)        Turns: 13188, Time: 01:18:45

Health: -4/122     AC: 19    Str: 22    XL:     13   Next: 2%
Magic:  13/13      EV: 13    Int:  4    God:    Trog [*****.]
Gold:   884        SH:  0    Dex: 15    Spells: 12/12 levels left

rFire    . . .     SeeInvis .   H - +2 dire flail (drain)
rCold    . . .     Gourm    .   (shield currently unavailable)
rNeg     + . .     Faith    .   W - +0 plate armour (curse)
rPois    +         Spirit   .   (helmet unavailable)
rElec    +         Reflect  .   x - scarf {cloud immunity}
rCorr    .         Harm     .   D - +2 pair of gloves
MR       .....                  (no boots)
Stlth    ..........             (no amulet)
HPRegen  0.30/turn              y - ring "Irchempo" {rPois Dex+4}
MPRegen  0.13/turn              L - ring of Divine Compulsion {rPois rN+ Dex-4 Stlth+}

@: about to teleport, very slightly contaminated, hasted, very quick
A: retaliatory headbutt, horns 3, low mp 1, electricity resistance, MP-powered
wands
a: Berserk, Trog's Hand, Brothers in Arms, Renounce Religion


You were on level 5 of the Lair of Beasts.
You worshipped Trog.
Trog was extremely pleased with you.
You were hungry.

You visited 2 branches of the dungeon, and saw 17 of its levels.

You collected 884 gold pieces.

Inventory:

Hand Weapons
 n - a +3 antimagic flail
 E - a +0 great mace
 H - a +2 dire flail of draining (weapon)
 O - a +2 whip of flaming
Missiles
 e - 229 arrows
 g - 140 sling bullets
 l - 360 stones (quivered)
 s - 2 throwing nets
 B - 132 bolts
 M - 12 needles of paralysis
 N - 4 javelins
Armour
 x - a scarf of cloud immunity (worn)
 D - a +2 pair of gloves (worn)
 W - a cursed +0 plate armour (worn)
Jewellery
 f - an uncursed ring of resist corrosion
 h - an uncursed ring of wizardry {unknown}
 y - the ring "Irchempo" (left hand) {rPois Dex+4}
   (You found it on level 8 of the Dungeon)

   [ring of dexterity]

   It affects your dexterity (+4).
   It protects you from poison.
 A - an uncursed ring of positive energy {unknown}
 L - the ring of Divine Compulsion (right hand) {rPois rN+ Dex-4 Stlth+}
   (You found it on level 7 of the Dungeon)

   [ring of stealth]

   It affects your dexterity (-4).
   It protects you from poison.
   It protects you from negative energy.
   It makes you more stealthy.
 P - a +3 ring of dexterity {unknown}
Wands
 a - a wand of flame (26)
 j - a wand of clouds (5)
 C - a wand of scattershot (10)
 G - a wand of iceblast (9)
 I - a wand of polymorph (14)
 S - a wand of paralysis (3)
Scrolls
 b - a scroll of immolation
 i - 9 scrolls of remove curse
 k - 2 scrolls of enchant armour
 m - 2 scrolls of noise {unknown}
 w - a scroll of silence {unknown}
 J - 2 scrolls of magic mapping
 K - a scroll of fog {unknown}
Potions
 o - 3 potions of curing
 p - a potion of magic {unknown}
 q - 2 potions of flight
 t - 5 potions of brilliance
 u - 2 potions of might
 z - 2 potions of agility
 R - a potion of mutation
 T - a potion of resistance {unknown}
 V - a potion of berserk rage {unknown}
Miscellaneous
 Q - a lightning rod (4/4)
Comestibles
 c - 20 rations
 X - 16 chunks of flesh


   Skills:
 * Level 13.0 Fighting
 * Level 13.2 Maces & Flails
 - Level 1.0 Throwing
 * Level 13.0 Armour
 * Level 11.8 Dodging
 - Level 1.0 Stealth
 - Level 4.0 Evocations


You had 12 spell levels left.
You didn't know any spells.
Your spell library was empty.

Dungeon Overview and Level Annotations

Branches:
Dungeon (11/15)            Temple (0/1) D:6            Lair (6/6) D:10
 Shoals (0/4) Lair:3        Snake (0/4) Lair:3        Slime (0/5) Lair:5
    Orc (0/2) D:10

Altars:
Elyvilon
Fedhas
Gozag
Sif Muna
Trog
Wu Jian
Xom
The Shining One


Innate Abilities, Weirdness & Mutations

You reflexively headbutt those who attack you in melee.
You have a pair of large horns on your head.
Your magical capacity is low. (-10% MP)
You are resistant to electric shocks. (rElec)
You expend magic power (3 MP) to strengthen your wands.


Message History

The black mamba barely misses you. You furiously retaliate!
You headbutt the black mamba, but do no damage.
The meliai calls down the wrath of its god upon you.
Something smites you!
* * * LOW HITPOINT WARNING * * *
The spiny frog stings you.
* * * LOW HITPOINT WARNING * * *
A yak comes into view.
A killer bee comes into view.
The spiny frog stings you but does no damage.
The black mamba barely misses you. You furiously retaliate!
You headbutt the black mamba, but do no damage.
Unknown command.
The yak bellows!
The meliai mumbles some strange prayers to its god against you.
Something smites you!
* * * LOW HITPOINT WARNING * * *
The spiny frog stings you!
* * * LOW HITPOINT WARNING * * *
The wyvern bites you!
You die... #..Y..## #...... ......###. ##..Y......
PY........

#.........
##YF.......
#.S@.......
#....Fl........
.y#...........P.
#.#.........##.
.y ##y#.#....# .
.#.###....# # .
.# # #..## #..
.. #.# ..


You could see a black mamba, 4 yaks, 2 spiny frogs, a wyvern, a meliai and 2
killer bees.

Vanquished Creatures
  The ghost of Haxyobbu the Fighter, a journeyman MiFi of Okawaru (Lair:2)
  Harold (D:8)
  An ice dragon (Lair:4)
  4 hydras
  A two-headed ogre (D:8)
  4 death yaks
  An unseen horror (D:10)
  Pikel (D:7)
  A guardian serpent (Lair:3)
  A torpor snail (Lair:3)
  2 centaur skeletons (D:10)
  A black mamba (Lair:1)
  5 spiny frogs
  3 elephants (Lair:5)
  Joseph (D:8)
  2 rime drakes
  2 komodo dragons
  2 trolls
  2 meliai (Lair:5)
  Prince Ribbit (D:8)
  A hornet (D:8)
  3 blink frogs (Lair:4)
  2 wyverns
  Sigmund (D:6)
  A wraith (D:10)
  15 yaks
  4 basilisks
  Menkaure (D:6)
  10 water moccasins
  9 porcupines
  2 sky beasts
  7 orc warriors
  2 phantoms
  2 ogres
  A necrophage (D:10)
  4 centaurs
  A wolf (Lair:5)
  7 crocodiles
  2 big kobolds
  11 bullfrogs
  A gnoll sergeant (D:10)
  A scorpion (D:8)
  19 killer bees
  7 howler monkeys
  8 crimson imps
  A bullfrog zombie (D:9)
  A bullfrog skeleton (D:8)
  3 jellies
  9 orc priests
  6 hounds
  14 orc wizards
  4 iguanas
  A hell rat (D:10)
  7 worker ants
  A hound zombie (D:5)
  19 gnolls
  14 adders
  A shadow imp (D:8)
  3 white imps (Lair:4)
  8 oozes
  2 adder zombies (D:7)
  2 adder skeletons
  3 worms
  4 dart slugs
  7 leopard geckos
  44 orcs
  5 giant cockroaches
  4 goblins
  6 hobgoblins
  13 jackals
  7 quokkas
  6 bats
  3 frilled lizards
  11 kobolds
  A leopard gecko zombie (D:6)
  16 rats
385 creatures vanquished.

Vanquished Creatures (others)
  A bush (Lair:2)
  3 fungi
  A plant (Lair:2)
5 creatures vanquished.

Grand Total: 390 creatures vanquished

Notes
Turn   | Place    | Note
-------+----------+-------------------------------------------
     0 | D:1      | whitewolfNL the Minotaur Berserker began the quest for the
                  | Orb.
     0 | D:1      | Reached XP level 1. HP: 19/19 MP: 0/0
    56 | D:1      | Reached XP level 2. HP: 23/27 MP: 1/1
   354 | D:1      | Reached skill level 1 in Throwing
   398 | D:1      | Reached XP level 3. HP: 7/33 MP: 2/2
   813 | D:2      | Reached ** piety under Trog
   829 | D:2      | Reached skill level 1 in Stealth
   854 | D:2      | Reached XP level 4. HP: 29/40 MP: 3/3
  1166 | D:2      | Reached XP level 5. HP: 32/46 MP: 4/4
  1275 | D:2      | Found an opulent altar of Gozag.
  1651 | D:3      | Found a blossoming altar of Fedhas.
  1726 | D:3      | Reached *** piety under Trog
  1727 | D:3      | Reached skill level 5 in Maces & Flails
  1874 | D:3      | Reached XP level 6. HP: 26/53 MP: 5/5
  2311 | D:4      | Received a gift from Trog
  2317 | D:4      | Reached skill level 5 in Armour
  2625 | D:4      | Reached skill level 5 in Fighting
  2625 | D:4      | Reached skill level 1 in Evocations
  2824 | D:5      | Entered Level 5 of the Dungeon
  2894 | D:5      | Reached XP level 7. HP: 61/61 MP: 5/7
  3579 | D:6      | Found a staircase to the Ecumenical Temple.
  3583 | D:6      | Noticed Sigmund
  3593 | D:6      | Killed Sigmund
  3593 | D:6      | Reached **** piety under Trog
  3593 | D:6      | Reached XP level 8. HP: 70/70 MP: 8/8
  3822 | D:6      | Reached skill level 5 in Dodging
  4228 | D:6      | Noticed Menkaure
  4233 | D:6      | Killed Menkaure
  4572 | D:7      | Got a shimmering steel ring
  4633 | D:7      | Reached XP level 9. HP: 77/79 MP: 10/10
  4700 | D:7      | Identified the ring of Divine Compulsion {rPois rN+ Dex-4
                  | Stlth+} (You found it on level 7 of the Dungeon)
  4865 | D:7      | Received a gift from Trog
  4996 | D:7      | Noticed Pikel
  5001 | D:7      | Killed Pikel
  5168 | D:8      | HP: 4/81 [orc wizard/+0 dagger (1)]
  5790 | D:9      | Noticed a troll
  5800 | D:9      | Killed a troll
  5857 | D:9      | Found a deep blue altar of Sif Muna.
  6211 | D:9      | Reached XP level 10. HP: 90/90 MP: 12/12
  6428 | D:8      | Noticed Joseph
  6432 | D:8      | Noticed Prince Ribbit
  6435 | D:8      | Found a bloodstained altar of Trog.
  6440 | D:8      | Killed Joseph
  6445 | D:8      | Found a shimmering altar of Xom.
  6530 | D:8      | Got a brightly glowing spear
  6612 | D:8      | Found an ornate altar of the Wu Jian Council.
  6787 | D:8      | Found a glowing golden altar of the Shining One.
  6915 | D:8      | Got a clouded copper ring
  6948 | D:8      | Found a bloodstained altar of Trog.
  6956 | D:8      | Reached ***** piety under Trog
  6958 | D:8      | Noticed a two-headed ogre
  6971 | D:8      | Killed a two-headed ogre
  6983 | D:8      | HP: 1/91 [Prince Ribbit (8)]
  7017 | D:8      | Found a white marble altar of Elyvilon.
  7024 | D:8      | Noticed Harold
  7324 | D:8      | Killed Harold
  7324 | D:8      | Reached skill level 10 in Maces & Flails
  7333 | D:8      | Identified the ring "Irchempo" {rPois Dex+4} (You found it
                  | on level 8 of the Dungeon)
  7350 | D:8      | Killed Prince Ribbit
  7692 | D:8      | Gained mutation: You are somewhat resistant to further
                  | mutation. [potion of mutation]
  7693 | D:8      | Lost mutation: You are somewhat resistant to further
                  | mutation. [potion of mutation]
  7693 | D:8      | Gained mutation: Your magical capacity is low. (-10% MP)
                  | [potion of mutation]
  7693 | D:8      | Gained mutation: You are resistant to electric shocks.
                  | (rElec) [potion of mutation]
  7693 | D:8      | Gained mutation: You expend magic power (3 MP) to
                  | strengthen your wands. [potion of mutation]
  7693 | D:8      | Gained mutation: You have a pair of large horns on your
                  | head. [potion of mutation]
  7814 | D:10     | Entered Level 10 of the Dungeon
  7836 | D:10     | Reached skill level 10 in Armour
  7956 | D:10     | Reached skill level 10 in Fighting
  8512 | D:10     | Identified the cursed +0 hand axe "Astaips" {chop, rF+ rC+
                  | SInv}
  8524 | D:10     | Reached XP level 11. HP: 100/100 MP: 11/11
  8554 | D:10     | Found a staircase to the Orcish Mines.
  8745 | D:10     | Killed an unseen horror
  8869 | D:10     | Noticed a death yak
  8871 | D:10     | Found a staircase to the Lair.
  8871 | D:10     | Noticed a death yak
  8876 | D:10     | Noticed a death yak
  8880 | D:10     | Killed a death yak
  8885 | D:10     | Killed a death yak
  8890 | D:10     | Killed a death yak
  9270 | Lair:1   | Entered Level 1 of the Lair of Beasts
  9315 | Lair:1   | Noticed a five-headed hydra
  9335 | Lair:1   | Killed a five-headed hydra
  9337 | Lair:1   | Reached skill level 10 in Dodging
  9666 | Lair:1   | Received a gift from Trog
  9700 | Lair:1   | Noticed a seven-headed hydra
  9708 | Lair:1   | Killed a seven-headed hydra
  9910 | Lair:1   | Noticed a four-headed hydra
  9926 | Lair:1   | Killed a four-headed hydra
 10012 | Lair:1   | Reached XP level 12. HP: 76/110 MP: 12/12
 10026 | Lair:1   | You fall through a shaft!
 10054 | Lair:2   | Noticed a death yak
 10054 | Lair:2   | Noticed a death yak
 10054 | Lair:2   | Noticed a death yak
 10072 | Lair:2   | Noticed a death yak
 10074 | Lair:2   | Noticed a death yak
 10436 | Lair:2   | Found a runed translucent door.
 10437 | Lair:2   | Noticed Haxyobbu's ghost (journeyman MiFi)
 10489 | Lair:2   | Killed Haxyobbu's ghost
 10599 | Lair:3   | Noticed a death yak
 10618 | Lair:3   | Killed a death yak
 10721 | Lair:3   | Noticed a six-headed hydra
 10734 | Lair:3   | Killed a six-headed hydra
 11125 | Lair:3   | Found a staircase to the Shoals.
 11554 | Lair:3   | Found a staircase to the Snake Pit.
 11861 | Lair:4   | Noticed an ice dragon
 11885 | Lair:4   | Killed an ice dragon
 12473 | Lair:5   | Received a gift from Trog
 12521 | Lair:5   | Found a staircase to the Slime Pits.
 13085 | Lair:5   | Reached XP level 13. HP: 76/119 MP: 13/13
 13142 | Lair:6   | Entered Level 6 of the Lair of Beasts
 13188 | Lair:5   | HP: 5/122 [spiny frog (8)]
 13188 | Lair:5   | Slain by a wyvern

Skill      XL: |  1  2  3  4  5  6  7  8  9 10 11 12 13 |
---------------+----------------------------------------+-----
Throwing       | 1 |  1.0
Armour         | 3 4 5 6 7 8 10 11 13 | 13.0
Maces & Flails | 4 5 6 7 9 10 11 13 | 13.2
Stealth        | 1 |  1.0
Fighting       | 4 5 7 8 10 11 12 13 | 13.0
Dodging        | 3 4 5 7 9 10 11 | 11.8
Evocations     | 1 2 3 4 |  4.0

Action                   |  1- 3 |  4- 6 |  7- 9 | 10-12 | 13-15 || total
-------------------------+-------+-------+-------+-------+-------++-------
Melee: Mace              |    60 |    77 |       |       |       ||   137
       Headbutt          |     9 |    29 |    36 |   146 |     4 ||   224
       Flail             |       |    81 |     8 |       |       ||    89
       Great mace        |       |       |   209 |   273 |       ||   482
       Whip              |       |       |       |   301 |       ||   301
       Dire flail        |       |       |       |    68 |    28 ||    96
Invok: Berserk           |     1 |     5 |    11 |    26 |       ||    43
Evoke: Wand              |       |       |     1 |    29 |       ||    30
  Use: Scroll            |       |       |    10 |    10 |     7 ||    27
       Potion            |       |       |     1 |     5 |     4 ||    10
 Stab: Sleeping          |     1 |       |       |       |       ||     1
  Eat: Chunk             |     1 |     9 |    17 |    30 |     2 ||    59
       Ration            |       |       |     2 |     4 |       ||     6
Armor: Animal skin       |     1 |       |       |       |       ||     1
       Robe              |     6 |       |       |       |       ||     6
       Ring mail         |    20 |    28 |       |       |       ||    48
       Chain mail        |       |    51 |   128 |    18 |       ||   197
       Plate armour      |       |       |       |   301 |    70 ||   371
Dodge: Dodged            |    52 |    93 |   149 |   346 |    53 ||   693
